Workbook

Sheet Resumen
B1: Plantilla plan de marketing
B2: Ejemplo funcional en español con estrategia, acciones, calendario, presupuesto y KPIs.
B4: Configuración del plan | G4: Vista ejecutiva
B5: Año del plan | C5: 2026 | G5: Presupuesto plan | H5: Gasto real | I5: Leads reales | J5: Ventas reales | K5: Ingresos reales | L5: ROAS real
B6: Fecha inicio | C6: 46023 | G6: =Presupuesto!B18 -> 35050 | H6: =Presupuesto!C18 -> 23295 | I6: =KPIs!C18 -> 2664 | J6: =KPIs!F18 -> 297 | K6: =KPIs!I18 -> 99880 | L6: =KPIs!J18 -> 4.2876154
B7: Fecha fin | C7: 46387
B8: IVA estándar | C8: 0.21 | G8: Acciones activas | H8: Cumpl. leads | I8: Cumpl. ventas | J8: Desvío gasto | K8: CPL real | L8: CPA real
G9: =COUNTIF(Acciones!K6:K19,"En curso")+COUNTIF(Acciones!K6:K19,"Optimización") -> 5 | H9: =IFERROR(KPIs!C18/KPIs!B18,0) -> 0.925 | I9: =IFERROR(KPIs!F18/KPIs!E18,0) -> 0.83426966 | J9: =IFERROR((Presupuesto!C18-Presupuesto!B18)/Presupuesto!B18,0) -> -0.33537803 | K9: =KPIs!K18 -> 8.7443694 | L9: =KPIs!L18 -> 78.434343
B10: Ficha de negocio
B11: Marca | C11: Huerto Nómada | G11: Buyer personas prioritarios
B12: Oferta | C12: Suscripción de kits de huerto urbano para balcones | G12: Paula balcón verde | I12: 29-40 años; vive en ciudad; quiere cultivar sin experiencia; valora diseño y sostenibilidad.
B13: Mercado principal | C13: España | G13: Javier regalo útil | I13: 30-45 años; compra kits como regalo y experiencia compartida; sensible a packs y temporadas.
B14: LTV objetivo | C14: 325 | G14: Comunidad living | I14: Gestores de colivings y oficinas flexibles que buscan actividades de bienestar y marca empleadora.
B15: Meta de ingresos | C15: 125000
B16: Propuesta de valor | C16: Cultivar en casa sin experiencia, con kits guiados, semillas estacionales y reposición mensual.
B19: Objetivos SMART del ejemplo
B20: Objetivo | C20: KPI principal | D20: Base | E20: Meta | F20: Fecha límite | G20: Canal dominante | H20: Observación
B21: Generar demanda cualificada | C21: Leads | D21: 0 | E21: 3200 | F21: 46295 | G21: SEO + Social Ads | H21: Apoyado por lead magnet y colaboraciones.
B22: Cerrar primeras suscripciones | C22: Ventas | D22: 0 | E22: 480 | F22: 46387 | G22: SEM + Email | H22: Prioridad a campañas con intención alta.
B23: Sostener rentabilidad | C23: ROAS | D23: 0 | E23: 4.2 | F23: 46387 | G23: SEM + Afiliación | H23: Mantener inversión solo si supera 3,5x.
B24: Construir base propia | C24: Suscriptores email | D24: 0 | E24: 8500 | F24: 46387 | G24: SEO + Influencers | H24: Menor dependencia de medios pagados.
B27: Cómo usar la plantilla
B28: 1. Edita primero las celdas azules de Resumen.
B29: 2. En Acciones añade o ajusta campañas; las métricas derivadas se calculan solas.
B30: 3. El Calendario pinta automáticamente los meses activos de cada acción.
B31: 4. Presupuesto resume plan vs real por canal y por mes, con IVA configurable.
B32: 5. KPIs compara objetivos y resultados y actualiza los gráficos.

Sheet Listas
A1: Captación | B1: SEO | C1: Planificada | D1: Alta | E1: Alba Ruiz
A2: Conversión | B2: SEM | C2: En curso | D2: Media | E2: Diego Mena
A3: Fidelización | B3: Social Ads | C3: Optimización | D3: Baja | E3: Sara Lobo
A4: Marca | B4: Email | C4: Completada | E4: Lucía Rey
B5: Influencers | C5: Pausada
B6: PR
B7: Eventos
B8: Afiliación

Sheet Acciones
A1: Plan de acciones tácticas
A2: Las columnas U:Z son automáticas. Filtra por canal, estado o responsable.
A5: ID | B5: Área | C5: Canal | D5: Campaña / acción | E5: KPI principal | F5: Buyer persona | G5: Responsable | H5: Inicio | I5: Fin | J5: Mes | K5: Estado | L5: Prioridad | M5: Presupuesto plan | N5: Presupuesto real | O5: Leads plan | P5: Leads reales | Q5: Ventas plan | R5: Ventas reales | S5: Ingresos plan | T5: Ingresos reales | U5: % avance | V5: CPL real | W5: CPA real | X5: ROAS real | Y5: Desv. gasto | Z5: Duración | AA5: Notas
A6: A-01 | B6: Captación | C6: SEO | D6: Cluster de contenidos 'Huerto en balcón' | E6: Leads | F6: Paula balcón verde | G6: Alba Ruiz | H6: 46030 | I6: 46112 | J6: =TEXT(H6,"mmm") -> ene | K6: En curso | L6: Alta | M6: 2800 | N6: 2550 | O6: 260 | P6: 240 | Q6: 18 | R6: 16 | S6: 6120 | T6: 5440 | U6: =IF(K6="Completada",1,IF(K6="Optimización",0.85,IF(K6="En curso",0.6,IF(K6="Pausada",0.3,0)))) -> 0.6 | V6: =IFERROR(N6/P6,"") -> 10.625 | W6: =IFERROR(N6/R6,"") -> 159.375 | X6: =IFERROR(T6/N6,"") -> 2.1333333 | Y6: =N6-M6 -> -250 | Z6: =I6-H6+1 -> 83 | AA6: 12 artículos + lead magnet
A7: A-02 | B7: Captación | C7: Email | D7: Lead magnet 'Calendario de siembra urbana' | E7: Suscriptores | F7: Paula balcón verde | G7: Sara Lobo | H7: 46042 | I7: 46081 | J7: =TEXT(H7,"mmm") -> ene | K7: Completada | L7: Alta | M7: 900 | N7: 860 | O7: 520 | P7: 610 | Q7: 22 | R7: 28 | S7: 7480 | T7: 9520 | U7: =IF(K7="Completada",1,IF(K7="Optimización",0.85,IF(K7="En curso",0.6,IF(K7="Pausada",0.3,0)))) -> 1 | V7: =IFERROR(N7/P7,"") -> 1.4098361 | W7: =IFERROR(N7/R7,"") -> 30.714286 | X7: =IFERROR(T7/N7,"") -> 11.069767 | Y7: =N7-M7 -> -40 | Z7: =I7-H7+1 -> 40 | AA7: Automatización de bienvenida
A8: A-03 | B8: Conversión | C8: SEM | D8: Google Ads búsqueda marca + intención alta | E8: Ventas | F8: Javier regalo útil | G8: Diego Mena | H8: 46054 | I8: 46142 | J8: =TEXT(H8,"mmm") -> feb | K8: Optimización | L8: Alta | M8: 5200 | N8: 5480 | O8: 430 | P8: 398 | Q8: 74 | R8: 71 | S8: 25160 | T8: 24140 | U8: =IF(K8="Completada",1,IF(K8="Optimización",0.85,IF(K8="En curso",0.6,IF(K8="Pausada",0.3,0)))) -> 0.85 | V8: =IFERROR(N8/P8,"") -> 13.768844 | W8: =IFERROR(N8/R8,"") -> 77.183099 | X8: =IFERROR(T8/N8,"") -> 4.4051095 | Y8: =N8-M8 -> 280 | Z8: =I8-H8+1 -> 89 | AA8: Campañas separadas por intención
A9: A-04 | B9: Marca | C9: Influencers | D9: Microcreadores de decoración y sostenibilidad | E9: Alcance cualificado | F9: Paula balcón verde | G9: Lucía Rey | H9: 46091 | I9: 46162 | J9: =TEXT(H9,"mmm") -> mar | K9: Completada | L9: Media | M9: 2400 | N9: 2280 | O9: 180 | P9: 210 | Q9: 16 | R9: 18 | S9: 5440 | T9: 6120 | U9: =IF(K9="Completada",1,IF(K9="Optimización",0.85,IF(K9="En curso",0.6,IF(K9="Pausada",0.3,0)))) -> 1 | V9: =IFERROR(N9/P9,"") -> 10.857143 | W9: =IFERROR(N9/R9,"") -> 126.66667 | X9: =IFERROR(T9/N9,"") -> 2.6842105 | Y9: =N9-M9 -> -120 | Z9: =I9-H9+1 -> 72 | AA9: 6 colaboraciones
A10: A-05 | B10: Captación | C10: Social Ads | D10: Meta Ads para captación de lead magnet | E10: Leads | F10: Paula balcón verde | G10: Diego Mena | H10: 46096 | I10: 46203 | J10: =TEXT(H10,"mmm") -> mar | K10: En curso | L10: Alta | M10: 3600 | N10: 3380 | O10: 620 | P10: 590 | Q10: 28 | R10: 24 | S10: 9520 | T10: 8160 | U10: =IF(K10="Completada",1,IF(K10="Optimización",0.85,IF(K10="En curso",0.6,IF(K10="Pausada",0.3,0)))) -> 0.6 | V10: =IFERROR(N10/P10,"") -> 5.7288136 | W10: =IFERROR(N10/R10,"") -> 140.83333 | X10: =IFERROR(T10/N10,"") -> 2.4142012 | Y10: =N10-M10 -> -220 | Z10: =I10-H10+1 -> 108 | AA10: Creatividades por estación
A11: A-06 | B11: Conversión | C11: Email | D11: Flujos de recuperación de carrito | E11: Ventas | F11: Javier regalo útil | G11: Sara Lobo | H11: 46113 | I11: 46376 | J11: =TEXT(H11,"mmm") -> abr | K11: En curso | L11: Alta | M11: 1400 | N11: 1180 | O11: 150 | P11: 144 | Q11: 38 | R11: 41 | S11: 12920 | T11: 13940 | U11: =IF(K11="Completada",1,IF(K11="Optimización",0.85,IF(K11="En curso",0.6,IF(K11="Pausada",0.3,0)))) -> 0.6 | V11: =IFERROR(N11/P11,"") -> 8.1944444 | W11: =IFERROR(N11/R11,"") -> 28.780488 | X11: =IFERROR(T11/N11,"") -> 11.813559 | Y11: =N11-M11 -> -220 | Z11: =I11-H11+1 -> 264 | AA11: 3 secuencias activas
A12: A-07 | B12: Marca | C12: PR | D12: Notas de prensa en medios lifestyle | E12: Menciones | F12: Comunidad living | G12: Lucía Rey | H12: 46130 | I12: 46188 | J12: =TEXT(H12,"mmm") -> abr | K12: Completada | L12: Media | M12: 1800 | N12: 1660 | O12: 90 | P12: 104 | Q12: 10 | R12: 11 | S12: 2380 | T12: 2640 | U12: =IF(K12="Completada",1,IF(K12="Optimización",0.85,IF(K12="En curso",0.6,IF(K12="Pausada",0.3,0)))) -> 1 | V12: =IFERROR(N12/P12,"") -> 15.961538 | W12: =IFERROR(N12/R12,"") -> 150.90909 | X12: =IFERROR(T12/N12,"") -> 1.5903614 | Y12: =N12-M12 -> -140 | Z12: =I12-H12+1 -> 59 | AA12: Foco en prensa local y diseño
A13: A-08 | B13: Conversión | C13: Eventos | D13: Taller pop-up en mercados urbanos | E13: Ventas | F13: Paula balcón verde | G13: Alba Ruiz | H13: 46147 | I13: 46218 | J13: =TEXT(H13,"mmm") -> may | K13: Completada | L13: Media | M13: 3200 | N13: 3475 | O13: 210 | P13: 196 | Q13: 52 | R13: 49 | S13: 17680 | T13: 16660 | U13: =IF(K13="Completada",1,IF(K13="Optimización",0.85,IF(K13="En curso",0.6,IF(K13="Pausada",0.3,0)))) -> 1 | V13: =IFERROR(N13/P13,"") -> 17.729592 | W13: =IFERROR(N13/R13,"") -> 70.918367 | X13: =IFERROR(T13/N13,"") -> 4.7942446 | Y13: =N13-M13 -> 275 | Z13: =I13-H13+1 -> 72 | AA13: 2 eventos presenciales
A14: A-09 | B14: Captación | C14: Afiliación | D14: Programa con blogs de hogar sostenible | E14: Ventas | F14: Javier regalo útil | G14: Lucía Rey | H14: 46174 | I14: 46371 | J14: =TEXT(H14,"mmm") -> jun | K14: En curso | L14: Media | M14: 2600 | N14: 2430 | O14: 185 | P14: 172 | Q14: 44 | R14: 39 | S14: 14960 | T14: 13260 | U14: =IF(K14="Completada",1,IF(K14="Optimización",0.85,IF(K14="En curso",0.6,IF(K14="Pausada",0.3,0)))) -> 0.6 | V14: =IFERROR(N14/P14,"") -> 14.127907 | W14: =IFERROR(N14/R14,"") -> 62.307692 | X14: =IFERROR(T14/N14,"") -> 5.4567901 | Y14: =N14-M14 -> -170 | Z14: =I14-H14+1 -> 198 | AA14: Comisión variable por venta
A15: A-10 | B15: Fidelización | C15: Email | D15: Programa de recompra estacional | E15: Repetición | F15: Paula balcón verde | G15: Sara Lobo | H15: 46204 | I15: 46356 | J15: =TEXT(H15,"mmm") -> jul | K15: Planificada | L15: Media | M15: 1250 | N15: 0 | O15: 80 | P15: 0 | Q15: 26 | R15: 0 | S15: 8840 | T15: 0 | U15: =IF(K15="Completada",1,IF(K15="Optimización",0.85,IF(K15="En curso",0.6,IF(K15="Pausada",0.3,0)))) -> 0 | V15: =IFERROR(N15/P15,"") | W15: =IFERROR(N15/R15,"") | X15: =IFERROR(T15/N15,"") | Y15: =N15-M15 -> -1250 | Z15: =I15-H15+1 -> 153 | AA15: Ofertas otoño e invierno
A16: A-11 | B16: Marca | C16: Social Ads | D16: Campaña vídeo 'del balcón a la mesa' | E16: Visualizaciones | F16: Paula balcón verde | G16: Diego Mena | H16: 46249 | I16: 46310 | J16: =TEXT(H16,"mmm") -> ago | K16: Planificada | L16: Media | M16: 2900 | N16: 0 | O16: 240 | P16: 0 | Q16: 18 | R16: 0 | S16: 5400 | T16: 0 | U16: =IF(K16="Completada",1,IF(K16="Optimización",0.85,IF(K16="En curso",0.6,IF(K16="Pausada",0.3,0)))) -> 0 | V16: =IFERROR(N16/P16,"") | W16: =IFERROR(N16/R16,"") | X16: =IFERROR(T16/N16,"") | Y16: =N16-M16 -> -2900 | Z16: =I16-H16+1 -> 62 | AA16: Vídeo vertical para reels y shorts
A17: A-12 | B17: Captación | C17: SEO | D17: Landing SEO B2B para colivings | E17: Leads B2B | F17: Comunidad living | G17: Alba Ruiz | H17: 46266 | I17: 46366 | J17: =TEXT(H17,"mmm") -> sep | K17: Planificada | L17: Alta | M17: 2100 | N17: 0 | O17: 95 | P17: 0 | Q17: 14 | R17: 0 | S17: 4760 | T17: 0 | U17: =IF(K17="Completada",1,IF(K17="Optimización",0.85,IF(K17="En curso",0.6,IF(K17="Pausada",0.3,0)))) -> 0 | V17: =IFERROR(N17/P17,"") | W17: =IFERROR(N17/R17,"") | X17: =IFERROR(T17/N17,"") | Y17: =N17-M17 -> -2100 | Z17: =I17-H17+1 -> 101 | AA17: Captación corporate wellbeing
... A19: A-14 | B19: Fidelización | C19: Email | D19: Calendario de adviento para clientes | E19: Retención | F19: Paula balcón verde | G19: Sara Lobo | H19: 46357 | I19: 46380 | J19: =TEXT(H19,"mmm") -> dic | K19: Planificada | L19: Baja | M19: 700 | N19: 0 | O19: 65 | P19: 0 | Q19: 20 | R19: 0 | S19: 5600 | T19: 0 | U19: =IF(K19="Completada",1,IF(K19="Optimización",0.85,IF(K19="En curso",0.6,IF(K19="Pausada",0.3,0)))) -> 0 | V19: =IFERROR(N19/P19,"") | W19: =IFERROR(N19/R19,"") | X19: =IFERROR(T19/N19,"") | Y19: =N19-M19 -> -700 | Z19: =I19-H19+1 -> 24 | AA19: Serie de 12 envíos

Sheet Calendario
A1: Calendario anual de campañas
A2: La banda se colorea automáticamente cuando la acción está activa en ese mes.
A3: Campañas activas por mes | I3: =COUNTIF(I6:I19,1) -> 2 | J3: =COUNTIF(J6:J19,1) -> 3 | K3: =COUNTIF(K6:K19,1) -> 4 | L3: =COUNTIF(L6:L19,1) -> 5 | M3: =COUNTIF(M6:M19,1) -> 5 | N3: =COUNTIF(N6:N19,1) -> 5 | O3: =COUNTIF(O6:O19,1) -> 4 | P3: =COUNTIF(P6:P19,1) -> 4 | ... T3: =COUNTIF(T6:T19,1) -> 4
A5: ID | B5: Acción | C5: Canal | D5: Responsable | E5: Inicio | F5: Fin | G5: Gasto real | H5: % avance | I5: 46023 | J5: 46054 | K5: 46082 | L5: 46113 | M5: 46143 | N5: 46174 | O5: 46204 | P5: 46235 | Q5: 46266 | R5: 46296 | S5: 46327 | T5: 46357
A6: =Acciones!A6 -> A-01 | B6: =Acciones!D6 -> Cluster de contenidos 'Huerto en balcón' | C6: =Acciones!C6 -> SEO | D6: =Acciones!G6 -> Alba Ruiz | E6: =Acciones!H6 -> 46030 | F6: =Acciones!I6 -> 46112 | G6: =Acciones!N6 -> 2550 | H6: =Acciones!U6 -> 0.6 | I6: =IF(AND($E6<=EOMONTH(I$5,0),$F6>=I$5),1,"") -> 1 | J6: =IF(AND($E6<=EOMONTH(J$5,0),$F6>=J$5),1,"") -> 1 | K6: =IF(AND($E6<=EOMONTH(K$5,0),$F6>=K$5),1,"") -> 1 | L6: =IF(AND($E6<=EOMONTH(L$5,0),$F6>=L$5),1,"") | M6: =IF(AND($E6<=EOMONTH(M$5,0),$F6>=M$5),1,"") | N6: =IF(AND($E6<=EOMONTH(N$5,0),$F6>=N$5),1,"") | O6: =IF(AND($E6<=EOMONTH(O$5,0),$F6>=O$5),1,"") | P6: =IF(AND($E6<=EOMONTH(P$5,0),$F6>=P$5),1,"") | ... T6: =IF(AND($E6<=EOMONTH(T$5,0),$F6>=T$5),1,"")
A7: =Acciones!A7 -> A-02 | B7: =Acciones!D7 -> Lead magnet 'Calendario de siembra urbana' | C7: =Acciones!C7 -> Email | D7: =Acciones!G7 -> Sara Lobo | E7: =Acciones!H7 -> 46042 | F7: =Acciones!I7 -> 46081 | G7: =Acciones!N7 -> 860 | H7: =Acciones!U7 -> 1 | I7: =IF(AND($E7<=EOMONTH(I$5,0),$F7>=I$5),1,"") -> 1 | J7: =IF(AND($E7<=EOMONTH(J$5,0),$F7>=J$5),1,"") -> 1 | K7: =IF(AND($E7<=EOMONTH(K$5,0),$F7>=K$5),1,"") | L7: =IF(AND($E7<=EOMONTH(L$5,0),$F7>=L$5),1,"") | M7: =IF(AND($E7<=EOMONTH(M$5,0),$F7>=M$5),1,"") | N7: =IF(AND($E7<=EOMONTH(N$5,0),$F7>=N$5),1,"") | O7: =IF(AND($E7<=EOMONTH(O$5,0),$F7>=O$5),1,"") | P7: =IF(AND($E7<=EOMONTH(P$5,0),$F7>=P$5),1,"") | ... T7: =IF(AND($E7<=EOMONTH(T$5,0),$F7>=T$5),1,"")
A8: =Acciones!A8 -> A-03 | B8: =Acciones!D8 -> Google Ads búsqueda marca + intención alta | C8: =Acciones!C8 -> SEM | D8: =Acciones!G8 -> Diego Mena | E8: =Acciones!H8 -> 46054 | F8: =Acciones!I8 -> 46142 | G8: =Acciones!N8 -> 5480 | H8: =Acciones!U8 -> 0.85 | I8: =IF(AND($E8<=EOMONTH(I$5,0),$F8>=I$5),1,"") | J8: =IF(AND($E8<=EOMONTH(J$5,0),$F8>=J$5),1,"") -> 1 | K8: =IF(AND($E8<=EOMONTH(K$5,0),$F8>=K$5),1,"") -> 1 | L8: =IF(AND($E8<=EOMONTH(L$5,0),$F8>=L$5),1,"") -> 1 | M8: =IF(AND($E8<=EOMONTH(M$5,0),$F8>=M$5),1,"") | N8: =IF(AND($E8<=EOMONTH(N$5,0),$F8>=N$5),1,"") | O8: =IF(AND($E8<=EOMONTH(O$5,0),$F8>=O$5),1,"") | P8: =IF(AND($E8<=EOMONTH(P$5,0),$F8>=P$5),1,"") | ... T8: =IF(AND($E8<=EOMONTH(T$5,0),$F8>=T$5),1,"")
A9: =Acciones!A9 -> A-04 | B9: =Acciones!D9 -> Microcreadores de decoración y sostenibilidad | C9: =Acciones!C9 -> Influencers | D9: =Acciones!G9 -> Lucía Rey | E9: =Acciones!H9 -> 46091 | F9: =Acciones!I9 -> 46162 | G9: =Acciones!N9 -> 2280 | H9: =Acciones!U9 -> 1 | I9: =IF(AND($E9<=EOMONTH(I$5,0),$F9>=I$5),1,"") | J9: =IF(AND($E9<=EOMONTH(J$5,0),$F9>=J$5),1,"") | K9: =IF(AND($E9<=EOMONTH(K$5,0),$F9>=K$5),1,"") -> 1 | L9: =IF(AND($E9<=EOMONTH(L$5,0),$F9>=L$5),1,"") -> 1 | M9: =IF(AND($E9<=EOMONTH(M$5,0),$F9>=M$5),1,"") -> 1 | N9: =IF(AND($E9<=EOMONTH(N$5,0),$F9>=N$5),1,"") | O9: =IF(AND($E9<=EOMONTH(O$5,0),$F9>=O$5),1,"") | P9: =IF(AND($E9<=EOMONTH(P$5,0),$F9>=P$5),1,"") | ... T9: =IF(AND($E9<=EOMONTH(T$5,0),$F9>=T$5),1,"")
A10: =Acciones!A10 -> A-05 | B10: =Acciones!D10 -> Meta Ads para captación de lead magnet | C10: =Acciones!C10 -> Social Ads | D10: =Acciones!G10 -> Diego Mena | E10: =Acciones!H10 -> 46096 | F10: =Acciones!I10 -> 46203 | G10: =Acciones!N10 -> 3380 | H10: =Acciones!U10 -> 0.6 | I10: =IF(AND($E10<=EOMONTH(I$5,0),$F10>=I$5),1,"") | J10: =IF(AND($E10<=EOMONTH(J$5,0),$F10>=J$5),1,"") | K10: =IF(AND($E10<=EOMONTH(K$5,0),$F10>=K$5),1,"") -> 1 | L10: =IF(AND($E10<=EOMONTH(L$5,0),$F10>=L$5),1,"") -> 1 | M10: =IF(AND($E10<=EOMONTH(M$5,0),$F10>=M$5),1,"") -> 1 | N10: =IF(AND($E10<=EOMONTH(N$5,0),$F10>=N$5),1,"") -> 1 | O10: =IF(AND($E10<=EOMONTH(O$5,0),$F10>=O$5),1,"") | P10: =IF(AND($E10<=EOMONTH(P$5,0),$F10>=P$5),1,"") | ... T10: =IF(AND($E10<=EOMONTH(T$5,0),$F10>=T$5),1,"")
A11: =Acciones!A11 -> A-06 | B11: =Acciones!D11 -> Flujos de recuperación de carrito | C11: =Acciones!C11 -> Email | D11: =Acciones!G11 -> Sara Lobo | E11: =Acciones!H11 -> 46113 | F11: =Acciones!I11 -> 46376 | G11: =Acciones!N11 -> 1180 | H11: =Acciones!U11 -> 0.6 | I11: =IF(AND($E11<=EOMONTH(I$5,0),$F11>=I$5),1,"") | J11: =IF(AND($E11<=EOMONTH(J$5,0),$F11>=J$5),1,"") | K11: =IF(AND($E11<=EOMONTH(K$5,0),$F11>=K$5),1,"") | L11: =IF(AND($E11<=EOMONTH(L$5,0),$F11>=L$5),1,"") -> 1 | M11: =IF(AND($E11<=EOMONTH(M$5,0),$F11>=M$5),1,"") -> 1 | N11: =IF(AND($E11<=EOMONTH(N$5,0),$F11>=N$5),1,"") -> 1 | O11: =IF(AND($E11<=EOMONTH(O$5,0),$F11>=O$5),1,"") -> 1 | P11: =IF(AND($E11<=EOMONTH(P$5,0),$F11>=P$5),1,"") -> 1 | ... T11: =IF(AND($E11<=EOMONTH(T$5,0),$F11>=T$5),1,"") -> 1
A12: =Acciones!A12 -> A-07 | B12: =Acciones!D12 -> Notas de prensa en medios lifestyle | C12: =Acciones!C12 -> PR | D12: =Acciones!G12 -> Lucía Rey | E12: =Acciones!H12 -> 46130 | F12: =Acciones!I12 -> 46188 | G12: =Acciones!N12 -> 1660 | H12: =Acciones!U12 -> 1 | I12: =IF(AND($E12<=EOMONTH(I$5,0),$F12>=I$5),1,"") | J12: =IF(AND($E12<=EOMONTH(J$5,0),$F12>=J$5),1,"") | K12: =IF(AND($E12<=EOMONTH(K$5,0),$F12>=K$5),1,"") | L12: =IF(AND($E12<=EOMONTH(L$5,0),$F12>=L$5),1,"") -> 1 | M12: =IF(AND($E12<=EOMONTH(M$5,0),$F12>=M$5),1,"") -> 1 | N12: =IF(AND($E12<=EOMONTH(N$5,0),$F12>=N$5),1,"") -> 1 | O12: =IF(AND($E12<=EOMONTH(O$5,0),$F12>=O$5),1,"") | P12: =IF(AND($E12<=EOMONTH(P$5,0),$F12>=P$5),1,"") | ... T12: =IF(AND($E12<=EOMONTH(T$5,0),$F12>=T$5),1,"")
A13: =Acciones!A13 -> A-08 | B13: =Acciones!D13 -> Taller pop-up en mercados urbanos | C13: =Acciones!C13 -> Eventos | D13: =Acciones!G13 -> Alba Ruiz | E13: =Acciones!H13 -> 46147 | F13: =Acciones!I13 -> 46218 | G13: =Acciones!N13 -> 3475 | H13: =Acciones!U13 -> 1 | I13: =IF(AND($E13<=EOMONTH(I$5,0),$F13>=I$5),1,"") | J13: =IF(AND($E13<=EOMONTH(J$5,0),$F13>=J$5),1,"") | K13: =IF(AND($E13<=EOMONTH(K$5,0),$F13>=K$5),1,"") | L13: =IF(AND($E13<=EOMONTH(L$5,0),$F13>=L$5),1,"") | M13: =IF(AND($E13<=EOMONTH(M$5,0),$F13>=M$5),1,"") -> 1 | N13: =IF(AND($E13<=EOMONTH(N$5,0),$F13>=N$5),1,"") -> 1 | O13: =IF(AND($E13<=EOMONTH(O$5,0),$F13>=O$5),1,"") -> 1 | P13: =IF(AND($E13<=EOMONTH(P$5,0),$F13>=P$5),1,"") | ... T13: =IF(AND($E13<=EOMONTH(T$5,0),$F13>=T$5),1,"")
A14: =Acciones!A14 -> A-09 | B14: =Acciones!D14 -> Programa con blogs de hogar sostenible | C14: =Acciones!C14 -> Afiliación | D14: =Acciones!G14 -> Lucía Rey | E14: =Acciones!H14 -> 46174 | F14: =Acciones!I14 -> 46371 | G14: =Acciones!N14 -> 2430 | H14: =Acciones!U14 -> 0.6 | I14: =IF(AND($E14<=EOMONTH(I$5,0),$F14>=I$5),1,"") | J14: =IF(AND($E14<=EOMONTH(J$5,0),$F14>=J$5),1,"") | K14: =IF(AND($E14<=EOMONTH(K$5,0),$F14>=K$5),1,"") | L14: =IF(AND($E14<=EOMONTH(L$5,0),$F14>=L$5),1,"") | M14: =IF(AND($E14<=EOMONTH(M$5,0),$F14>=M$5),1,"") | N14: =IF(AND($E14<=EOMONTH(N$5,0),$F14>=N$5),1,"") -> 1 | O14: =IF(AND($E14<=EOMONTH(O$5,0),$F14>=O$5),1,"") -> 1 | P14: =IF(AND($E14<=EOMONTH(P$5,0),$F14>=P$5),1,"") -> 1 | ... T14: =IF(AND($E14<=EOMONTH(T$5,0),$F14>=T$5),1,"") -> 1
A15: =Acciones!A15 -> A-10 | B15: =Acciones!D15 -> Programa de recompra estacional | C15: =Acciones!C15 -> Email | D15: =Acciones!G15 -> Sara Lobo | E15: =Acciones!H15 -> 46204 | F15: =Acciones!I15 -> 46356 | G15: =Acciones!N15 -> 0 | H15: =Acciones!U15 -> 0 | I15: =IF(AND($E15<=EOMONTH(I$5,0),$F15>=I$5),1,"") | J15: =IF(AND($E15<=EOMONTH(J$5,0),$F15>=J$5),1,"") | K15: =IF(AND($E15<=EOMONTH(K$5,0),$F15>=K$5),1,"") | L15: =IF(AND($E15<=EOMONTH(L$5,0),$F15>=L$5),1,"") | M15: =IF(AND($E15<=EOMONTH(M$5,0),$F15>=M$5),1,"") | N15: =IF(AND($E15<=EOMONTH(N$5,0),$F15>=N$5),1,"") | O15: =IF(AND($E15<=EOMONTH(O$5,0),$F15>=O$5),1,"") -> 1 | P15: =IF(AND($E15<=EOMONTH(P$5,0),$F15>=P$5),1,"") -> 1 | ... T15: =IF(AND($E15<=EOMONTH(T$5,0),$F15>=T$5),1,"")
A16: =Acciones!A16 -> A-11 | B16: =Acciones!D16 -> Campaña vídeo 'del balcón a la mesa' | C16: =Acciones!C16 -> Social Ads | D16: =Acciones!G16 -> Diego Mena | E16: =Acciones!H16 -> 46249 | F16: =Acciones!I16 -> 46310 | G16: =Acciones!N16 -> 0 | H16: =Acciones!U16 -> 0 | I16: =IF(AND($E16<=EOMONTH(I$5,0),$F16>=I$5),1,"") | J16: =IF(AND($E16<=EOMONTH(J$5,0),$F16>=J$5),1,"") | K16: =IF(AND($E16<=EOMONTH(K$5,0),$F16>=K$5),1,"") | L16: =IF(AND($E16<=EOMONTH(L$5,0),$F16>=L$5),1,"") | M16: =IF(AND($E16<=EOMONTH(M$5,0),$F16>=M$5),1,"") | N16: =IF(AND($E16<=EOMONTH(N$5,0),$F16>=N$5),1,"") | O16: =IF(AND($E16<=EOMONTH(O$5,0),$F16>=O$5),1,"") | P16: =IF(AND($E16<=EOMONTH(P$5,0),$F16>=P$5),1,"") -> 1 | ... T16: =IF(AND($E16<=EOMONTH(T$5,0),$F16>=T$5),1,"")
A17: =Acciones!A17 -> A-12 | B17: =Acciones!D17 -> Landing SEO B2B para colivings | C17: =Acciones!C17 -> SEO | D17: =Acciones!G17 -> Alba Ruiz | E17: =Acciones!H17 -> 46266 | F17: =Acciones!I17 -> 46366 | G17: =Acciones!N17 -> 0 | H17: =Acciones!U17 -> 0 | I17: =IF(AND($E17<=EOMONTH(I$5,0),$F17>=I$5),1,"") | J17: =IF(AND($E17<=EOMONTH(J$5,0),$F17>=J$5),1,"") | K17: =IF(AND($E17<=EOMONTH(K$5,0),$F17>=K$5),1,"") | L17: =IF(AND($E17<=EOMONTH(L$5,0),$F17>=L$5),1,"") | M17: =IF(AND($E17<=EOMONTH(M$5,0),$F17>=M$5),1,"") | N17: =IF(AND($E17<=EOMONTH(N$5,0),$F17>=N$5),1,"") | O17: =IF(AND($E17<=EOMONTH(O$5,0),$F17>=O$5),1,"") | P17: =IF(AND($E17<=EOMONTH(P$5,0),$F17>=P$5),1,"") | ... T17: =IF(AND($E17<=EOMONTH(T$5,0),$F17>=T$5),1,"") -> 1
... A19: =Acciones!A19 -> A-14 | B19: =Acciones!D19 -> Calendario de adviento para clientes | C19: =Acciones!C19 -> Email | D19: =Acciones!G19 -> Sara Lobo | E19: =Acciones!H19 -> 46357 | F19: =Acciones!I19 -> 46380 | G19: =Acciones!N19 -> 0 | H19: =Acciones!U19 -> 0 | I19: =IF(AND($E19<=EOMONTH(I$5,0),$F19>=I$5),1,"") | J19: =IF(AND($E19<=EOMONTH(J$5,0),$F19>=J$5),1,"") | K19: =IF(AND($E19<=EOMONTH(K$5,0),$F19>=K$5),1,"") | L19: =IF(AND($E19<=EOMONTH(L$5,0),$F19>=L$5),1,"") | M19: =IF(AND($E19<=EOMONTH(M$5,0),$F19>=M$5),1,"") | N19: =IF(AND($E19<=EOMONTH(N$5,0),$F19>=N$5),1,"") | O19: =IF(AND($E19<=EOMONTH(O$5,0),$F19>=O$5),1,"") | P19: =IF(AND($E19<=EOMONTH(P$5,0),$F19>=P$5),1,"") | ... T19: =IF(AND($E19<=EOMONTH(T$5,0),$F19>=T$5),1,"") -> 1

Sheet Presupuesto
A1: Control presupuestario
A2: Resumen automático por canal y evolución mensual.
A4: Supuestos | J4: Plan y real por mes
A5: Año | B5: =Resumen!C5 -> 2026 | J5: 46023 | K5: 46054 | L5: 46082 | M5: 46113 | N5: 46143 | O5: 46174 | P5: 46204 | Q5: 46235 | R5: 46266 | S5: 46296 | T5: 46327 | U5: 46357
A6: IVA | B6: =Resumen!C8 -> 0.21 | I6: Plan total | J6: =SUMIFS(Acciones!$M$6:$M$19,Acciones!$H$6:$H$19,">="&DATE(Resumen!$C$5,1,1),Acciones!$H$6:$H$19,"<"&EOMONTH(DATE(Resumen!$C$5,1,1),0)+1) -> 3700 | K6: =SUMIFS(Acciones!$M$6:$M$19,Acciones!$H$6:$H$19,">="&DATE(Resumen!$C$5,2,1),Acciones!$H$6:$H$19,"<"&EOMONTH(DATE(Resumen!$C$5,2,1),0)+1) -> 5200 | L6: =SUMIFS(Acciones!$M$6:$M$19,Acciones!$H$6:$H$19,">="&DATE(Resumen!$C$5,3,1),Acciones!$H$6:$H$19,"<"&EOMONTH(DATE(Resumen!$C$5,3,1),0)+1) -> 6000 | M6: =SUMIFS(Acciones!$M$6:$M$19,Acciones!$H$6:$H$19,">="&DATE(Resumen!$C$5,4,1),Acciones!$H$6:$H$19,"<"&EOMONTH(DATE(Resumen!$C$5,4,1),0)+1) -> 3200 | N6: =SUMIFS(Acciones!$M$6:$M$19,Acciones!$H$6:$H$19,">="&DATE(Resumen!$C$5,5,1),Acciones!$H$6:$H$19,"<"&EOMONTH(DATE(Resumen!$C$5,5,1),0)+1) -> 3200 | O6: =SUMIFS(Acciones!$M$6:$M$19,Acciones!$H$6:$H$19,">="&DATE(Resumen!$C$5,6,1),Acciones!$H$6:$H$19,"<"&EOMONTH(DATE(Resumen!$C$5,6,1),0)+1) -> 2600 | P6: =SUMIFS(Acciones!$M$6:$M$19,Acciones!$H$6:$H$19,">="&DATE(Resumen!$C$5,7,1),Acciones!$H$6:$H$19,"<"&EOMONTH(DATE(Resumen!$C$5,7,1),0)+1) -> 1250 | Q6: =SUMIFS(Acciones!$M$6:$M$19,Acciones!$H$6:$H$19,">="&DATE(Resumen!$C$5,8,1),Acciones!$H$6:$H$19,"<"&EOMONTH(DATE(Resumen!$C$5,8,1),0)+1) -> 2900 | R6: =SUMIFS(Acciones!$M$6:$M$19,Acciones!$H$6:$H$19,">="&DATE(Resumen!$C$5,9,1),Acciones!$H$6:$H$19,"<"&EOMONTH(DATE(Resumen!$C$5,9,1),0)+1) -> 2100 | S6: =SUMIFS(Acciones!$M$6:$M$19,Acciones!$H$6:$H$19,">="&DATE(Resumen!$C$5,10,1),Acciones!$H$6:$H$19,"<"&EOMONTH(DATE(Resumen!$C$5,10,1),0)+1) -> 0 | T6: =SUMIFS(Acciones!$M$6:$M$19,Acciones!$H$6:$H$19,">="&DATE(Resumen!$C$5,11,1),Acciones!$H$6:$H$19,"<"&EOMONTH(DATE(Resumen!$C$5,11,1),0)+1) -> 4200 | U6: =SUMIFS(Acciones!$M$6:$M$19,Acciones!$H$6:$H$19,">="&DATE(Resumen!$C$5,12,1),Acciones!$H$6:$H$19,"<"&EOMONTH(DATE(Resumen!$C$5,12,1),0)+1) -> 700
I7: Real total | J7: =SUMIFS(Acciones!$N$6:$N$19,Acciones!$H$6:$H$19,">="&DATE(Resumen!$C$5,1,1),Acciones!$H$6:$H$19,"<"&EOMONTH(DATE(Resumen!$C$5,1,1),0)+1) -> 3410 | K7: =SUMIFS(Acciones!$N$6:$N$19,Acciones!$H$6:$H$19,">="&DATE(Resumen!$C$5,2,1),Acciones!$H$6:$H$19,"<"&EOMONTH(DATE(Resumen!$C$5,2,1),0)+1) -> 5480 | L7: =SUMIFS(Acciones!$N$6:$N$19,Acciones!$H$6:$H$19,">="&DATE(Resumen!$C$5,3,1),Acciones!$H$6:$H$19,"<"&EOMONTH(DATE(Resumen!$C$5,3,1),0)+1) -> 5660 | M7: =SUMIFS(Acciones!$N$6:$N$19,Acciones!$H$6:$H$19,">="&DATE(Resumen!$C$5,4,1),Acciones!$H$6:$H$19,"<"&EOMONTH(DATE(Resumen!$C$5,4,1),0)+1) -> 2840 | N7: =SUMIFS(Acciones!$N$6:$N$19,Acciones!$H$6:$H$19,">="&DATE(Resumen!$C$5,5,1),Acciones!$H$6:$H$19,"<"&EOMONTH(DATE(Resumen!$C$5,5,1),0)+1) -> 3475 | O7: =SUMIFS(Acciones!$N$6:$N$19,Acciones!$H$6:$H$19,">="&DATE(Resumen!$C$5,6,1),Acciones!$H$6:$H$19,"<"&EOMONTH(DATE(Resumen!$C$5,6,1),0)+1) -> 2430 | P7: =SUMIFS(Acciones!$N$6:$N$19,Acciones!$H$6:$H$19,">="&DATE(Resumen!$C$5,7,1),Acciones!$H$6:$H$19,"<"&EOMONTH(DATE(Resumen!$C$5,7,1),0)+1) -> 0 | Q7: =SUMIFS(Acciones!$N$6:$N$19,Acciones!$H$6:$H$19,">="&DATE(Resumen!$C$5,8,1),Acciones!$H$6:$H$19,"<"&EOMONTH(DATE(Resumen!$C$5,8,1),0)+1) -> 0 | R7: =SUMIFS(Acciones!$N$6:$N$19,Acciones!$H$6:$H$19,">="&DATE(Resumen!$C$5,9,1),Acciones!$H$6:$H$19,"<"&EOMONTH(DATE(Resumen!$C$5,9,1),0)+1) -> 0 | S7: =SUMIFS(Acciones!$N$6:$N$19,Acciones!$H$6:$H$19,">="&DATE(Resumen!$C$5,10,1),Acciones!$H$6:$H$19,"<"&EOMONTH(DATE(Resumen!$C$5,10,1),0)+1) -> 0 | T7: =SUMIFS(Acciones!$N$6:$N$19,Acciones!$H$6:$H$19,">="&DATE(Resumen!$C$5,11,1),Acciones!$H$6:$H$19,"<"&EOMONTH(DATE(Resumen!$C$5,11,1),0)+1) -> 0 | U7: =SUMIFS(Acciones!$N$6:$N$19,Acciones!$H$6:$H$19,">="&DATE(Resumen!$C$5,12,1),Acciones!$H$6:$H$19,"<"&EOMONTH(DATE(Resumen!$C$5,12,1),0)+1) -> 0
A8: Resumen por canal | I8: Desvío € | J8: =J7-J6 -> -290 | K8: =K7-K6 -> 280 | L8: =L7-L6 -> -340 | M8: =M7-M6 -> -360 | N8: =N7-N6 -> 275 | O8: =O7-O6 -> -170 | P8: =P7-P6 -> -1250 | Q8: =Q7-Q6 -> -2900 | ... U8: =U7-U6 -> -700
A9: Canal | B9: Plan neto | C9: Real neto | D9: Desvío € | E9: Desvío % | F9: IVA real | G9: Real con IVA | H9: Peso real | I9: Cumplimiento | J9: =IFERROR(J7/J6,0) -> 0.92162162 | K9: =IFERROR(K7/K6,0) -> 1.0538462 | L9: =IFERROR(L7/L6,0) -> 0.94333333 | M9: =IFERROR(M7/M6,0) -> 0.8875 | N9: =IFERROR(N7/N6,0) -> 1.0859375 | O9: =IFERROR(O7/O6,0) -> 0.93461538 | P9: =IFERROR(P7/P6,0) -> 0 | Q9: =IFERROR(Q7/Q6,0) -> 0 | ... U9: =IFERROR(U7/U6,0) -> 0
A10: SEO | B10: =SUMIFS(Acciones!$M$6:$M$19,Acciones!$C$6:$C$19,$A10) -> 4900 | C10: =SUMIFS(Acciones!$N$6:$N$19,Acciones!$C$6:$C$19,$A10) -> 2550 | D10: =C10-B10 -> -2350 | E10: =IFERROR(D10/B10,0) -> -0.47959184 | F10: =C10*$B$6 -> 535.5 | G10: =C10+F10 -> 3085.5 | H10: =IFERROR(C10/SUM($C$10:$C$17),0) -> 0.10946555
A11: SEM | B11: =SUMIFS(Acciones!$M$6:$M$19,Acciones!$C$6:$C$19,$A11) -> 9400 | C11: =SUMIFS(Acciones!$N$6:$N$19,Acciones!$C$6:$C$19,$A11) -> 5480 | D11: =C11-B11 -> -3920 | E11: =IFERROR(D11/B11,0) -> -0.41702128 | F11: =C11*$B$6 -> 1150.8 | G11: =C11+F11 -> 6630.8 | H11: =IFERROR(C11/SUM($C$10:$C$17),0) -> 0.23524361
A12: Social Ads | B12: =SUMIFS(Acciones!$M$6:$M$19,Acciones!$C$6:$C$19,$A12) -> 6500 | C12: =SUMIFS(Acciones!$N$6:$N$19,Acciones!$C$6:$C$19,$A12) -> 3380 | D12: =C12-B12 -> -3120 | E12: =IFERROR(D12/B12,0) -> -0.48 | F12: =C12*$B$6 -> 709.8 | G12: =C12+F12 -> 4089.8 | H12: =IFERROR(C12/SUM($C$10:$C$17),0) -> 0.14509551
A13: Email | B13: =SUMIFS(Acciones!$M$6:$M$19,Acciones!$C$6:$C$19,$A13) -> 4250 | C13: =SUMIFS(Acciones!$N$6:$N$19,Acciones!$C$6:$C$19,$A13) -> 2040 | D13: =C13-B13 -> -2210 | E13: =IFERROR(D13/B13,0) -> -0.52 | F13: =C13*$B$6 -> 428.4 | G13: =C13+F13 -> 2468.4 | H13: =IFERROR(C13/SUM($C$10:$C$17),0) -> 0.08757244
A14: Influencers | B14: =SUMIFS(Acciones!$M$6:$M$19,Acciones!$C$6:$C$19,$A14) -> 2400 | C14: =SUMIFS(Acciones!$N$6:$N$19,Acciones!$C$6:$C$19,$A14) -> 2280 | D14: =C14-B14 -> -120 | E14: =IFERROR(D14/B14,0) -> -0.05 | F14: =C14*$B$6 -> 478.8 | G14: =C14+F14 -> 2758.8 | H14: =IFERROR(C14/SUM($C$10:$C$17),0) -> 0.09787508
A15: PR | B15: =SUMIFS(Acciones!$M$6:$M$19,Acciones!$C$6:$C$19,$A15) -> 1800 | C15: =SUMIFS(Acciones!$N$6:$N$19,Acciones!$C$6:$C$19,$A15) -> 1660 | D15: =C15-B15 -> -140 | E15: =IFERROR(D15/B15,0) -> -0.077777778 | F15: =C15*$B$6 -> 348.6 | G15: =C15+F15 -> 2008.6 | H15: =IFERROR(C15/SUM($C$10:$C$17),0) -> 0.071259927
A16: Eventos | B16: =SUMIFS(Acciones!$M$6:$M$19,Acciones!$C$6:$C$19,$A16) -> 3200 | C16: =SUMIFS(Acciones!$N$6:$N$19,Acciones!$C$6:$C$19,$A16) -> 3475 | D16: =C16-B16 -> 275 | E16: =IFERROR(D16/B16,0) -> 0.0859375 | F16: =C16*$B$6 -> 729.75 | G16: =C16+F16 -> 4204.75 | H16: =IFERROR(C16/SUM($C$10:$C$17),0) -> 0.14917364
A17: Afiliación | B17: =SUMIFS(Acciones!$M$6:$M$19,Acciones!$C$6:$C$19,$A17) -> 2600 | C17: =SUMIFS(Acciones!$N$6:$N$19,Acciones!$C$6:$C$19,$A17) -> 2430 | D17: =C17-B17 -> -170 | E17: =IFERROR(D17/B17,0) -> -0.065384615 | F17: =C17*$B$6 -> 510.3 | G17: =C17+F17 -> 2940.3 | H17: =IFERROR(C17/SUM($C$10:$C$17),0) -> 0.10431423
A18: TOTAL | B18: =SUM(B10:B17) -> 35050 | C18: =SUM(C10:C17) -> 23295 | D18: =C18-B18 -> -11755 | E18: =IFERROR(D18/B18,0) -> -0.33537803 | F18: =SUM(F10:F17) -> 4891.95 | G18: =SUM(G10:G17) -> 28186.95 | H18: =IFERROR(C18/C18,1) -> 1

Sheet KPIs
A1: Cuadro de mando de marketing
A2: Seguimiento comparativo de objetivos y resultados.
A4: Leads objetivo | B4: Leads reales | C4: Ventas objetivo | D4: Ventas reales | E4: Ingresos reales | F4: ROAS global
A5: =SUM(B10:B17) -> 2880 | B5: =SUM(C10:C17) -> 2664 | C5: =SUM(E10:E17) -> 356 | D5: =SUM(F10:F17) -> 297 | E5: =SUM(I10:I17) -> 99880 | F5: =IFERROR(E5/SUM(H10:H17),0) -> 4.2876154
A8: Rendimiento por canal
A9: Canal | B9: Leads obj. | C9: Leads real. | D9: Cumpl. leads | E9: Ventas obj. | F9: Ventas real. | G9: Cumpl. ventas | H9: Gasto real | I9: Ingresos real | J9: ROAS | K9: CPL | L9: CPA | M9: Estado
A10: SEO | B10: 420 | C10: =SUMIFS(Acciones!$P$6:$P$19,Acciones!$C$6:$C$19,$A10) -> 240 | D10: =IFERROR(C10/B10,0) -> 0.57142857 | E10: 30 | F10: =SUMIFS(Acciones!$R$6:$R$19,Acciones!$C$6:$C$19,$A10) -> 16 | G10: =IFERROR(F10/E10,0) -> 0.53333333 | H10: =SUMIFS(Acciones!$N$6:$N$19,Acciones!$C$6:$C$19,$A10) -> 2550 | I10: =SUMIFS(Acciones!$T$6:$T$19,Acciones!$C$6:$C$19,$A10) -> 5440 | J10: =IFERROR(I10/H10,0) -> 2.1333333 | K10: =IFERROR(H10/C10,0) -> 10.625 | L10: =IFERROR(H10/F10,0) -> 159.375 | M10: =IF(AND(D10>=1,G10>=1),"En objetivo",IF(OR(D10>=0.85,G10>=0.85),"Ajustar","Crítico")) -> Crítico
A11: SEM | B11: 430 | C11: =SUMIFS(Acciones!$P$6:$P$19,Acciones!$C$6:$C$19,$A11) -> 398 | D11: =IFERROR(C11/B11,0) -> 0.9255814 | E11: 82 | F11: =SUMIFS(Acciones!$R$6:$R$19,Acciones!$C$6:$C$19,$A11) -> 71 | G11: =IFERROR(F11/E11,0) -> 0.86585366 | H11: =SUMIFS(Acciones!$N$6:$N$19,Acciones!$C$6:$C$19,$A11) -> 5480 | I11: =SUMIFS(Acciones!$T$6:$T$19,Acciones!$C$6:$C$19,$A11) -> 24140 | J11: =IFERROR(I11/H11,0) -> 4.4051095 | K11: =IFERROR(H11/C11,0) -> 13.768844 | L11: =IFERROR(H11/F11,0) -> 77.183099 | M11: =IF(AND(D11>=1,G11>=1),"En objetivo",IF(OR(D11>=0.85,G11>=0.85),"Ajustar","Crítico")) -> Ajustar
A12: Social Ads | B12: 650 | C12: =SUMIFS(Acciones!$P$6:$P$19,Acciones!$C$6:$C$19,$A12) -> 590 | D12: =IFERROR(C12/B12,0) -> 0.90769231 | E12: 32 | F12: =SUMIFS(Acciones!$R$6:$R$19,Acciones!$C$6:$C$19,$A12) -> 24 | G12: =IFERROR(F12/E12,0) -> 0.75 | H12: =SUMIFS(Acciones!$N$6:$N$19,Acciones!$C$6:$C$19,$A12) -> 3380 | I12: =SUMIFS(Acciones!$T$6:$T$19,Acciones!$C$6:$C$19,$A12) -> 8160 | J12: =IFERROR(I12/H12,0) -> 2.4142012 | K12: =IFERROR(H12/C12,0) -> 5.7288136 | L12: =IFERROR(H12/F12,0) -> 140.83333 | M12: =IF(AND(D12>=1,G12>=1),"En objetivo",IF(OR(D12>=0.85,G12>=0.85),"Ajustar","Crítico")) -> Ajustar
A13: Email | B13: 700 | C13: =SUMIFS(Acciones!$P$6:$P$19,Acciones!$C$6:$C$19,$A13) -> 754 | D13: =IFERROR(C13/B13,0) -> 1.0771429 | E13: 84 | F13: =SUMIFS(Acciones!$R$6:$R$19,Acciones!$C$6:$C$19,$A13) -> 69 | G13: =IFERROR(F13/E13,0) -> 0.82142857 | H13: =SUMIFS(Acciones!$N$6:$N$19,Acciones!$C$6:$C$19,$A13) -> 2040 | I13: =SUMIFS(Acciones!$T$6:$T$19,Acciones!$C$6:$C$19,$A13) -> 23460 | J13: =IFERROR(I13/H13,0) -> 11.5 | K13: =IFERROR(H13/C13,0) -> 2.7055703 | L13: =IFERROR(H13/F13,0) -> 29.565217 | M13: =IF(AND(D13>=1,G13>=1),"En objetivo",IF(OR(D13>=0.85,G13>=0.85),"Ajustar","Crítico")) -> Ajustar
A14: Influencers | B14: 180 | C14: =SUMIFS(Acciones!$P$6:$P$19,Acciones!$C$6:$C$19,$A14) -> 210 | D14: =IFERROR(C14/B14,0) -> 1.1666667 | E14: 18 | F14: =SUMIFS(Acciones!$R$6:$R$19,Acciones!$C$6:$C$19,$A14) -> 18 | G14: =IFERROR(F14/E14,0) -> 1 | H14: =SUMIFS(Acciones!$N$6:$N$19,Acciones!$C$6:$C$19,$A14) -> 2280 | I14: =SUMIFS(Acciones!$T$6:$T$19,Acciones!$C$6:$C$19,$A14) -> 6120 | J14: =IFERROR(I14/H14,0) -> 2.6842105 | K14: =IFERROR(H14/C14,0) -> 10.857143 | L14: =IFERROR(H14/F14,0) -> 126.66667 | M14: =IF(AND(D14>=1,G14>=1),"En objetivo",IF(OR(D14>=0.85,G14>=0.85),"Ajustar","Crítico")) -> En objetivo
A15: PR | B15: 100 | C15: =SUMIFS(Acciones!$P$6:$P$19,Acciones!$C$6:$C$19,$A15) -> 104 | D15: =IFERROR(C15/B15,0) -> 1.04 | E15: 12 | F15: =SUMIFS(Acciones!$R$6:$R$19,Acciones!$C$6:$C$19,$A15) -> 11 | G15: =IFERROR(F15/E15,0) -> 0.91666667 | H15: =SUMIFS(Acciones!$N$6:$N$19,Acciones!$C$6:$C$19,$A15) -> 1660 | I15: =SUMIFS(Acciones!$T$6:$T$19,Acciones!$C$6:$C$19,$A15) -> 2640 | J15: =IFERROR(I15/H15,0) -> 1.5903614 | K15: =IFERROR(H15/C15,0) -> 15.961538 | L15: =IFERROR(H15/F15,0) -> 150.90909 | M15: =IF(AND(D15>=1,G15>=1),"En objetivo",IF(OR(D15>=0.85,G15>=0.85),"Ajustar","Crítico")) -> Ajustar
A16: Eventos | B16: 210 | C16: =SUMIFS(Acciones!$P$6:$P$19,Acciones!$C$6:$C$19,$A16) -> 196 | D16: =IFERROR(C16/B16,0) -> 0.93333333 | E16: 52 | F16: =SUMIFS(Acciones!$R$6:$R$19,Acciones!$C$6:$C$19,$A16) -> 49 | G16: =IFERROR(F16/E16,0) -> 0.94230769 | H16: =SUMIFS(Acciones!$N$6:$N$19,Acciones!$C$6:$C$19,$A16) -> 3475 | I16: =SUMIFS(Acciones!$T$6:$T$19,Acciones!$C$6:$C$19,$A16) -> 16660 | J16: =IFERROR(I16/H16,0) -> 4.7942446 | K16: =IFERROR(H16/C16,0) -> 17.729592 | L16: =IFERROR(H16/F16,0) -> 70.918367 | M16: =IF(AND(D16>=1,G16>=1),"En objetivo",IF(OR(D16>=0.85,G16>=0.85),"Ajustar","Crítico")) -> Ajustar
A17: Afiliación | B17: 190 | C17: =SUMIFS(Acciones!$P$6:$P$19,Acciones!$C$6:$C$19,$A17) -> 172 | D17: =IFERROR(C17/B17,0) -> 0.90526316 | E17: 46 | F17: =SUMIFS(Acciones!$R$6:$R$19,Acciones!$C$6:$C$19,$A17) -> 39 | G17: =IFERROR(F17/E17,0) -> 0.84782609 | H17: =SUMIFS(Acciones!$N$6:$N$19,Acciones!$C$6:$C$19,$A17) -> 2430 | I17: =SUMIFS(Acciones!$T$6:$T$19,Acciones!$C$6:$C$19,$A17) -> 13260 | J17: =IFERROR(I17/H17,0) -> 5.4567901 | K17: =IFERROR(H17/C17,0) -> 14.127907 | L17: =IFERROR(H17/F17,0) -> 62.307692 | M17: =IF(AND(D17>=1,G17>=1),"En objetivo",IF(OR(D17>=0.85,G17>=0.85),"Ajustar","Crítico")) -> Ajustar
A18: TOTAL | B18: =SUM(B10:B17) -> 2880 | C18: =SUM(C10:C17) -> 2664 | D18: =IFERROR(C18/B18,0) -> 0.925 | E18: =SUM(E10:E17) -> 356 | F18: =SUM(F10:F17) -> 297 | G18: =IFERROR(F18/E18,0) -> 0.83426966 | H18: =SUM(H10:H17) -> 23295 | I18: =SUM(I10:I17) -> 99880 | J18: =IFERROR(I18/H18,0) -> 4.2876154 | K18: =IFERROR(H18/C18,0) -> 8.7443694 | L18: =IFERROR(H18/F18,0) -> 78.434343 | M18: =IF(AND(D18>=1,G18>=1),"En objetivo",IF(OR(D18>=0.85,G18>=0.85),"Ajustar","Crítico")) -> Ajustar
A21: Tendencia mensual
B22: 46023 | C22: 46054 | D22: 46082 | E22: 46113 | F22: 46143 | G22: 46174 | H22: 46204 | I22: 46235 | J22: 46266 | K22: 46296 | L22: 46327 | M22: 46357
A23: Gasto real | B23: =SUMIFS(Acciones!$N$6:$N$19,Acciones!$H$6:$H$19,">="&DATE(Resumen!$C$5,1,1),Acciones!$H$6:$H$19,"<"&EOMONTH(DATE(Resumen!$C$5,1,1),0)+1) -> 3410 | C23: =SUMIFS(Acciones!$N$6:$N$19,Acciones!$H$6:$H$19,">="&DATE(Resumen!$C$5,2,1),Acciones!$H$6:$H$19,"<"&EOMONTH(DATE(Resumen!$C$5,2,1),0)+1) -> 5480 | D23: =SUMIFS(Acciones!$N$6:$N$19,Acciones!$H$6:$H$19,">="&DATE(Resumen!$C$5,3,1),Acciones!$H$6:$H$19,"<"&EOMONTH(DATE(Resumen!$C$5,3,1),0)+1) -> 5660 | E23: =SUMIFS(Acciones!$N$6:$N$19,Acciones!$H$6:$H$19,">="&DATE(Resumen!$C$5,4,1),Acciones!$H$6:$H$19,"<"&EOMONTH(DATE(Resumen!$C$5,4,1),0)+1) -> 2840 | F23: =SUMIFS(Acciones!$N$6:$N$19,Acciones!$H$6:$H$19,">="&DATE(Resumen!$C$5,5,1),Acciones!$H$6:$H$19,"<"&EOMONTH(DATE(Resumen!$C$5,5,1),0)+1) -> 3475 | G23: =SUMIFS(Acciones!$N$6:$N$19,Acciones!$H$6:$H$19,">="&DATE(Resumen!$C$5,6,1),Acciones!$H$6:$H$19,"<"&EOMONTH(DATE(Resumen!$C$5,6,1),0)+1) -> 2430 | H23: =SUMIFS(Acciones!$N$6:$N$19,Acciones!$H$6:$H$19,">="&DATE(Resumen!$C$5,7,1),Acciones!$H$6:$H$19,"<"&EOMONTH(DATE(Resumen!$C$5,7,1),0)+1) -> 0 | I23: =SUMIFS(Acciones!$N$6:$N$19,Acciones!$H$6:$H$19,">="&DATE(Resumen!$C$5,8,1),Acciones!$H$6:$H$19,"<"&EOMONTH(DATE(Resumen!$C$5,8,1),0)+1) -> 0 | J23: =SUMIFS(Acciones!$N$6:$N$19,Acciones!$H$6:$H$19,">="&DATE(Resumen!$C$5,9,1),Acciones!$H$6:$H$19,"<"&EOMONTH(DATE(Resumen!$C$5,9,1),0)+1) -> 0 | K23: =SUMIFS(Acciones!$N$6:$N$19,Acciones!$H$6:$H$19,">="&DATE(Resumen!$C$5,10,1),Acciones!$H$6:$H$19,"<"&EOMONTH(DATE(Resumen!$C$5,10,1),0)+1) -> 0 | L23: =SUMIFS(Acciones!$N$6:$N$19,Acciones!$H$6:$H$19,">="&DATE(Resumen!$C$5,11,1),Acciones!$H$6:$H$19,"<"&EOMONTH(DATE(Resumen!$C$5,11,1),0)+1) -> 0 | M23: =SUMIFS(Acciones!$N$6:$N$19,Acciones!$H$6:$H$19,">="&DATE(Resumen!$C$5,12,1),Acciones!$H$6:$H$19,"<"&EOMONTH(DATE(Resumen!$C$5,12,1),0)+1) -> 0
A24: Leads reales | B24: =SUMIFS(Acciones!$P$6:$P$19,Acciones!$H$6:$H$19,">="&DATE(Resumen!$C$5,1,1),Acciones!$H$6:$H$19,"<"&EOMONTH(DATE(Resumen!$C$5,1,1),0)+1) -> 850 | C24: =SUMIFS(Acciones!$P$6:$P$19,Acciones!$H$6:$H$19,">="&DATE(Resumen!$C$5,2,1),Acciones!$H$6:$H$19,"<"&EOMONTH(DATE(Resumen!$C$5,2,1),0)+1) -> 398 | D24: =SUMIFS(Acciones!$P$6:$P$19,Acciones!$H$6:$H$19,">="&DATE(Resumen!$C$5,3,1),Acciones!$H$6:$H$19,"<"&EOMONTH(DATE(Resumen!$C$5,3,1),0)+1) -> 800 | E24: =SUMIFS(Acciones!$P$6:$P$19,Acciones!$H$6:$H$19,">="&DATE(Resumen!$C$5,4,1),Acciones!$H$6:$H$19,"<"&EOMONTH(DATE(Resumen!$C$5,4,1),0)+1) -> 248 | F24: =SUMIFS(Acciones!$P$6:$P$19,Acciones!$H$6:$H$19,">="&DATE(Resumen!$C$5,5,1),Acciones!$H$6:$H$19,"<"&EOMONTH(DATE(Resumen!$C$5,5,1),0)+1) -> 196 | G24: =SUMIFS(Acciones!$P$6:$P$19,Acciones!$H$6:$H$19,">="&DATE(Resumen!$C$5,6,1),Acciones!$H$6:$H$19,"<"&EOMONTH(DATE(Resumen!$C$5,6,1),0)+1) -> 172 | H24: =SUMIFS(Acciones!$P$6:$P$19,Acciones!$H$6:$H$19,">="&DATE(Resumen!$C$5,7,1),Acciones!$H$6:$H$19,"<"&EOMONTH(DATE(Resumen!$C$5,7,1),0)+1) -> 0 | I24: =SUMIFS(Acciones!$P$6:$P$19,Acciones!$H$6:$H$19,">="&DATE(Resumen!$C$5,8,1),Acciones!$H$6:$H$19,"<"&EOMONTH(DATE(Resumen!$C$5,8,1),0)+1) -> 0 | J24: =SUMIFS(Acciones!$P$6:$P$19,Acciones!$H$6:$H$19,">="&DATE(Resumen!$C$5,9,1),Acciones!$H$6:$H$19,"<"&EOMONTH(DATE(Resumen!$C$5,9,1),0)+1) -> 0 | K24: =SUMIFS(Acciones!$P$6:$P$19,Acciones!$H$6:$H$19,">="&DATE(Resumen!$C$5,10,1),Acciones!$H$6:$H$19,"<"&EOMONTH(DATE(Resumen!$C$5,10,1),0)+1) -> 0 | L24: =SUMIFS(Acciones!$P$6:$P$19,Acciones!$H$6:$H$19,">="&DATE(Resumen!$C$5,11,1),Acciones!$H$6:$H$19,"<"&EOMONTH(DATE(Resumen!$C$5,11,1),0)+1) -> 0 | M24: =SUMIFS(Acciones!$P$6:$P$19,Acciones!$H$6:$H$19,">="&DATE(Resumen!$C$5,12,1),Acciones!$H$6:$H$19,"<"&EOMONTH(DATE(Resumen!$C$5,12,1),0)+1) -> 0
A25: Ventas reales | B25: =SUMIFS(Acciones!$R$6:$R$19,Acciones!$H$6:$H$19,">="&DATE(Resumen!$C$5,1,1),Acciones!$H$6:$H$19,"<"&EOMONTH(DATE(Resumen!$C$5,1,1),0)+1) -> 44 | C25: =SUMIFS(Acciones!$R$6:$R$19,Acciones!$H$6:$H$19,">="&DATE(Resumen!$C$5,2,1),Acciones!$H$6:$H$19,"<"&EOMONTH(DATE(Resumen!$C$5,2,1),0)+1) -> 71 | D25: =SUMIFS(Acciones!$R$6:$R$19,Acciones!$H$6:$H$19,">="&DATE(Resumen!$C$5,3,1),Acciones!$H$6:$H$19,"<"&EOMONTH(DATE(Resumen!$C$5,3,1),0)+1) -> 42 | E25: =SUMIFS(Acciones!$R$6:$R$19,Acciones!$H$6:$H$19,">="&DATE(Resumen!$C$5,4,1),Acciones!$H$6:$H$19,"<"&EOMONTH(DATE(Resumen!$C$5,4,1),0)+1) -> 52 | F25: =SUMIFS(Acciones!$R$6:$R$19,Acciones!$H$6:$H$19,">="&DATE(Resumen!$C$5,5,1),Acciones!$H$6:$H$19,"<"&EOMONTH(DATE(Resumen!$C$5,5,1),0)+1) -> 49 | G25: =SUMIFS(Acciones!$R$6:$R$19,Acciones!$H$6:$H$19,">="&DATE(Resumen!$C$5,6,1),Acciones!$H$6:$H$19,"<"&EOMONTH(DATE(Resumen!$C$5,6,1),0)+1) -> 39 | H25: =SUMIFS(Acciones!$R$6:$R$19,Acciones!$H$6:$H$19,">="&DATE(Resumen!$C$5,7,1),Acciones!$H$6:$H$19,"<"&EOMONTH(DATE(Resumen!$C$5,7,1),0)+1) -> 0 | I25: =SUMIFS(Acciones!$R$6:$R$19,Acciones!$H$6:$H$19,">="&DATE(Resumen!$C$5,8,1),Acciones!$H$6:$H$19,"<"&EOMONTH(DATE(Resumen!$C$5,8,1),0)+1) -> 0 | J25: =SUMIFS(Acciones!$R$6:$R$19,Acciones!$H$6:$H$19,">="&DATE(Resumen!$C$5,9,1),Acciones!$H$6:$H$19,"<"&EOMONTH(DATE(Resumen!$C$5,9,1),0)+1) -> 0 | K25: =SUMIFS(Acciones!$R$6:$R$19,Acciones!$H$6:$H$19,">="&DATE(Resumen!$C$5,10,1),Acciones!$H$6:$H$19,"<"&EOMONTH(DATE(Resumen!$C$5,10,1),0)+1) -> 0 | L25: =SUMIFS(Acciones!$R$6:$R$19,Acciones!$H$6:$H$19,">="&DATE(Resumen!$C$5,11,1),Acciones!$H$6:$H$19,"<"&EOMONTH(DATE(Resumen!$C$5,11,1),0)+1) -> 0 | M25: =SUMIFS(Acciones!$R$6:$R$19,Acciones!$H$6:$H$19,">="&DATE(Resumen!$C$5,12,1),Acciones!$H$6:$H$19,"<"&EOMONTH(DATE(Resumen!$C$5,12,1),0)+1) -> 0
A26: Ingresos reales | B26: =SUMIFS(Acciones!$T$6:$T$19,Acciones!$H$6:$H$19,">="&DATE(Resumen!$C$5,1,1),Acciones!$H$6:$H$19,"<"&EOMONTH(DATE(Resumen!$C$5,1,1),0)+1) -> 14960 | C26: =SUMIFS(Acciones!$T$6:$T$19,Acciones!$H$6:$H$19,">="&DATE(Resumen!$C$5,2,1),Acciones!$H$6:$H$19,"<"&EOMONTH(DATE(Resumen!$C$5,2,1),0)+1) -> 24140 | D26: =SUMIFS(Acciones!$T$6:$T$19,Acciones!$H$6:$H$19,">="&DATE(Resumen!$C$5,3,1),Acciones!$H$6:$H$19,"<"&EOMONTH(DATE(Resumen!$C$5,3,1),0)+1) -> 14280 | E26: =SUMIFS(Acciones!$T$6:$T$19,Acciones!$H$6:$H$19,">="&DATE(Resumen!$C$5,4,1),Acciones!$H$6:$H$19,"<"&EOMONTH(DATE(Resumen!$C$5,4,1),0)+1) -> 16580 | F26: =SUMIFS(Acciones!$T$6:$T$19,Acciones!$H$6:$H$19,">="&DATE(Resumen!$C$5,5,1),Acciones!$H$6:$H$19,"<"&EOMONTH(DATE(Resumen!$C$5,5,1),0)+1) -> 16660 | G26: =SUMIFS(Acciones!$T$6:$T$19,Acciones!$H$6:$H$19,">="&DATE(Resumen!$C$5,6,1),Acciones!$H$6:$H$19,"<"&EOMONTH(DATE(Resumen!$C$5,6,1),0)+1) -> 13260 | H26: =SUMIFS(Acciones!$T$6:$T$19,Acciones!$H$6:$H$19,">="&DATE(Resumen!$C$5,7,1),Acciones!$H$6:$H$19,"<"&EOMONTH(DATE(Resumen!$C$5,7,1),0)+1) -> 0 | I26: =SUMIFS(Acciones!$T$6:$T$19,Acciones!$H$6:$H$19,">="&DATE(Resumen!$C$5,8,1),Acciones!$H$6:$H$19,"<"&EOMONTH(DATE(Resumen!$C$5,8,1),0)+1) -> 0 | J26: =SUMIFS(Acciones!$T$6:$T$19,Acciones!$H$6:$H$19,">="&DATE(Resumen!$C$5,9,1),Acciones!$H$6:$H$19,"<"&EOMONTH(DATE(Resumen!$C$5,9,1),0)+1) -> 0 | K26: =SUMIFS(Acciones!$T$6:$T$19,Acciones!$H$6:$H$19,">="&DATE(Resumen!$C$5,10,1),Acciones!$H$6:$H$19,"<"&EOMONTH(DATE(Resumen!$C$5,10,1),0)+1) -> 0 | L26: =SUMIFS(Acciones!$T$6:$T$19,Acciones!$H$6:$H$19,">="&DATE(Resumen!$C$5,11,1),Acciones!$H$6:$H$19,"<"&EOMONTH(DATE(Resumen!$C$5,11,1),0)+1) -> 0 | M26: =SUMIFS(Acciones!$T$6:$T$19,Acciones!$H$6:$H$19,">="&DATE(Resumen!$C$5,12,1),Acciones!$H$6:$H$19,"<"&EOMONTH(DATE(Resumen!$C$5,12,1),0)+1) -> 0
